Map: Светотень РВ

Players

ИИ 1 (новичок)

  • Race: Terran Terran

Doll - Winner!

  • Race: Zerg Zerg

VOD

Have the link to the VOD?

Description

Time

  • Played on: July 9, 2021, 9:09 a.m.
  • Length: 12:08
Show
View Real Time Build Order
Export as new Build Order

ИИ 1 (новичок) Terran 

Build Orders: Reaper Expand 

Get SALT Encoding   

  12  0:00  SCV  
  13  0:13  SCV  
  14  0:18  Supply Depot  
  14  0:42  Barracks  
  14  1:03  Command Center  
  14  1:30  Orbital Command, Supply Depot  
  14  1:31  Marine  
  15  1:35  Refinery  
  15  1:46  Refinery  
  15  1:56  SCV  
  16  2:08  SCV  
  17  2:15  Reaper, SCV  
  19  2:22  SCV  
  20  2:29  SCV  
  21  2:36  SCV  
  22  2:43  SCV, Refinery  
  23  2:50  SCV  
  24  2:57  SCV  
  25  3:00  Marine  
  25  3:05  SCV  
  27  3:12  SCV  
  28  3:13  Factory  
  28  3:35  Refinery  
  28  3:37  SCV  
  29  3:44  Marine, SCV  
  31  3:52  SCV  
  32  3:55  Supply Depot  
  32  3:59  SCV  
  32  4:01  Starport  
  33  4:06  SCV  
  34  4:13  SCV  
  35  4:20  SCV  
  36  4:27  SCV  
  36  4:28  Marine  
  38  4:35  SCV  
  39  4:39  Starport Tech Lab, Supply Depot  
  39  4:42  SCV  
  40  4:49  SCV  
  41  4:56  SCV  
  41  4:57  Raven  
  44  5:03  SCV  
  45  5:10  SCV  
  45  5:12  Marine  
  47  5:17  SCV  
  48  5:40  Raven  
  50  5:57  Reaper  
  51  6:29  Barracks Tech Lab  
  51  6:49  Marauder  
  53  11:13  Medivac  
  53  11:14  Supply Depot  
  55  11:31  Marine  
  54  11:36  SCV  
  34  11:43  Supply Depot  
  27  11:48  SCV  
Show
View Real Time Build Order
Export as new Build Order

Doll Zerg - Winner!

Build Orders: Hatch First 

Get SALT Encoding   

  12  0:01  Drone  
  13  0:12  Overlord  
  13  0:18  Drone  
  14  0:32  Drone x2  
  16  0:38  Drone  
  17  0:48  Drone  
  18  0:56  Hatchery  
  17  1:02  Drone  
  18  1:07  Extractor  
  18  1:09  Drone  
  18  1:19  Spawning Pool  
  18  1:21  Drone  
  18  1:32  Overlord  
  18  1:38  Extractor  
  18  1:39  Drone  
  18  1:50  Drone  
  19  2:03  Drone  
  19  2:07  Metabolic Boost  
  20  2:08  Queen  
  20  2:11  Queen  
  20  2:15  Zergling x2  
  25  2:19  Zergling x2  
  26  2:24  Zergling x2  
  26  2:28  Drone  
  28  2:50  Spine Crawler  
  27  2:51  Lair  
  27  2:55  Drone x2  
  30  2:58  Drone  
  30  3:00  Drone  
  30  3:04  Drone  
  32  3:07  Drone  
  33  3:19  Overlord  
  33  3:29  Roach Warren  
  33  3:30  Drone  
  33  3:31  Drone  
  33  3:32  Drone  
  35  3:39  Drone x2  
  35  3:40  Drone  
  38  3:43  Drone  
  38  3:46  Drone  
  40  3:55  Overlord  
  40  3:57  Overlord  
  40  4:01  Drone  
  40  4:02  Drone  
  42  4:09  Spine Crawler  
  41  4:11  Drone  
  41  4:14  Drone  
  43  4:28  Spire  
  42  4:32  Roach x5  
  52  4:39  Overlord  
  52  4:42  Pneumatized Carapace  
  52  4:44  Glial Reconstitution  
  52  4:47  Drone x2  
  54  4:53  Roach  
  54  4:54  Roach  
  54  4:56  Roach  
  62  5:00  Roach  
  62  5:03  Drone  
  63  5:19  Overlord, Hatchery  
  62  5:29  Overlord  
  62  5:41  Mutalisk x2  
  62  5:42  Mutalisk x2  
  70  5:48  Extractor  
  69  5:50  Extractor  
  69  5:51  Drone x5  
  69  5:56  Overseer  
  73  5:57  Overseer  
  73  6:06  Drone x3  
  76  6:14  Drone  
  76  6:15  Infestation Pit  
  76  6:23  Zergling x2  
  76  6:24  Zergling x6  
  80  6:29  Queen x2  
  80  6:32  Overlord x3  
  84  6:36  Queen  
  84  6:38  Drone  
  87  6:44  Extractor x2  
  87  6:45  Drone x2  
  87  6:48  Mutalisk  
  89  6:54  Drone x2  
  91  7:05  Drone x3  
  91  7:06  Drone x2  
  96  7:15  Hive  
  96  7:19  Hydralisk Den, Drone x4  
  99  7:24  Mutalisk  
  99  7:29  Zergling x6  
  105  7:30  Zergling x2  
  105  7:41  Evolution Chamber  
  105  7:43  Drone x4, Evolution Chamber  
  107  7:44  Evolution Chamber  
  107  7:46  Mutalisk  
  107  7:47  Mutalisk x2  
  107  7:50  Overlord  
  107  7:51  Overlord  
  112  8:01  Overlord, Drone x3, Baneling Nest  
  112  8:02  Overlord  
  114  8:15  Drone x2  
  114  8:16  Drone  
  117  8:21  Hatchery  
  116  8:27  Mutalisk x2  
  116  8:28  Mutalisk  
  116  8:32  Mutalisk  
  116  8:33  Mutalisk  
  126  8:36  Zergling x2  
  127  8:41  Zergling x6  
  130  8:51  Adrenal Glands  
  130  8:58  Mutalisk x2  
  130  9:01  Zergling x2  
  130  9:02  Zergling x8  
  139  9:06  Zerg Melee Weapons Level 1  
  139  9:10  Zergling x2  
  139  9:12  Queen x2  
  139  9:13  Queen  
  139  9:16  Zerg Ground Armor Level 1  
  146  9:19  Overlord x2  
  146  9:20  Overlord x2  
  146  9:27  Greater Spire  
  146  9:37  Ultralisk Cavern  
  146  9:38  Zergling x6  
  147  9:39  Zergling x10  
  147  9:44  Queen  
  155  9:54  Zergling x8  
  155  9:57  Zergling x6  
  162  10:06  Mutalisk x4  
  166  10:13  Drone  
  171  10:17  Drone x3  
  174  10:22  Drone x2  
  174  10:23  Drone  
  174  10:24  Drone  
  178  10:34  Hatchery  
  177  10:36  Drone x4  
  177  10:37  Drone x3  
  177  10:41  Overlord  
  177  10:42  Overlord  
  184  10:46  Overlord  
  184  10:47  Overlord  
  184  11:01  Mutalisk x5  
  184  11:02  Mutalisk  
  184  11:03  Mutalisk  
  196  11:05  Drone  
  196  11:06  Drone  
Tags
 
Add a new tag
Caveats
  • Supply blocks, unpowered buildings, or Contaminate may cause inaccurate times.
  • Supply counts are checked every 10 seconds.